 Dungeon Crawl Stone Soup version 0.29-a0-495-g17b79114eb (webtiles) character file.

Game seed: 7984903930829315482

132 spiderkeys the Ducker (level 4, -4/24 HPs)
             Began as a Spriggan Abyssal Knight on May 28, 2022.
             Was a Priest of Lugonu.
             Killed from afar by an orc wizard (9 damage)
             ... with a magic dart
             ... on level 2 of the Dungeon.
             The game lasted 00:07:00 (3643 turns).

spiderkeys the Ducker (Spriggan Abyssal Knight)     Turns: 3643, Time: 00:07:01

Health: -4/24      AC:  2    Str:  9    XL:     4   Next: 92%
Magic:  7/7        EV: 18    Int: 13    God:    Lugonu [***...]
Gold:   60         SH:  0    Dex: 15    Spells: 1/5 levels left

rFire   . . .      SeeInvis +   a - +1 short sword
rCold   . . .      Faith    .   (no shield)
rNeg    . . .      Spirit   .   n - +0 robe
rPois   .          Reflect  .   (helmet restricted)
rElec   .          Harm     .   (no cloak)
rCorr   .          Rampage  .   (gloves unavailable)
Will    .....                   (boots unavailable)
Stlth   +.........              (no amulet)
HPRegen 0.08/turn               (no ring)
MPRegen 0.10/turn               (no ring)

@: very quick
A: very small, no large weapons, unfitting armour, see invisible, speed 3
a: Renounce Religion, Depart the Abyss, Bend Space, Banish


You were on level 2 of the Dungeon.
You worshipped Lugonu.
Lugonu was most pleased with you.
You visited 1 branch of the dungeon, and saw 3 of its levels.
You visited the Abyss 1 time.

You collected 60 gold pieces.


Innate Abilities, Weirdness & Mutations

You are very small and have problems with some larger weapons.
You are too small for most types of armour.
You have supernaturally acute eyesight. (SInv)
You cover ground extremely quickly. (Speed+++)


   Skills:
 + Level 3.0 Fighting
 + Level 3.2 Short Blades
 + Level 4.2 Dodging
 - Level 1.0 Spellcasting
 + Level 1.9 Hexes
 + Level 2.7 Invocations


You had one spell level left.
You knew the following spells:

 Your Spells              Type           Power      Damage    Failure   Level
c - Confusing Touch       Hex            5%         N/A       36%         3
s - Slow                  Hex            20%        N/A       13%         1

Your spell library contained the following spells:

 Spells                   Type           Power      Damage    Failure   Level
 Apportation              Tloc           0%         N/A       28%         1
 Necrotize                Necr           0%         1d4       28%         1
 Summon Small Mammal      Summ           0%         N/A       28%         1
 Vampiric Draining        Necr           0%         2d6       63%         3

Inventory:

Hand Weapons
 a - a +1 short sword (weapon)
 b - a +0 hunting sling
   (You took it off a goblin on level 2 of the Dungeon)
Missiles
 c - 57 stones
 d - 2 boomerangs
 i - 6 poisoned darts
Armour
 g - a +0 robe
   (You found it on level 1 of the Dungeon)
 n - a +0 robe (worn)
Scrolls
 f - 2 scrolls of teleportation {@r4}
 h - a scroll of summoning
 j - a scroll of amnesia
 l - a scroll of enchant armour
 m - a scroll of vulnerability {!r!r}
Potions
 e - a potion of haste {@q3}
 k - a potion of lignification {!q}

Dungeon Overview and Level Annotations

Branches:
Dungeon (3/15)

Altars:

Shops:
D:2 [ D:3

[ ...# #........#
...####..#######
...##....#
......#.## #####
)..#....# #####...#
.....#..###.......#
.........#..##....#
...#...#........o.#
....#.#......##[@.#
.[...∩.........>..#
....#.#.......#...#
##.#...#.#.#..#...#
.#................#
........##.#.#....#
........##.#.#.####
.[..)...#..#.#.#
..........##.#.##


You could see an orc wizard.


Message History

You hit the orc wizard but do no damage.
The orc wizard misses you.
You closely miss the orc wizard.
The orc wizard gestures wildly while chanting.
The orc wizard flickers and vanishes for a moment.
The orc wizard casts a spell at you.
You easily resist. 😮 HP[+1]
Casting: Slow (safe; 13% risk of failure)
Confirm with . or Enter, or press ? or * to list all spells.
Aiming: Slow (safe; 13% risk of failure)
Press: ? - help, Shift-Dir - straight line, f/p - orc wizard
Aim: an orc wizard, wielding a +0 dagger and wearing a +0 robe (heavily wounded, slightly transparent, chance to affect: 40%)
The orc wizard resists with some effort.
The orc wizard misses you. 😮 MP[-1]
You lost 1 mp, and now have 5/7 mp.
The orc wizard casts a spell at you. The puff of flame hits you!
* * * LOW HITPOINT WARNING * * *
😨 HP[-8]
You take 8 damage, and now have 8/24 hp.
MASSIVE DAMAGE!! (PAUSE)
There is a stone staircase leading up here.
You climb upwards.
There is a stone staircase leading down here.
You start resting. 😨 HP[+1] MP[+2]
Your mp is fully restored (7).
You start resting. 😎 HP[+15]
Your hp is fully restored (24).
You climb downwards.
The orc wizard mumbles some strange words.
The orc wizard flickers and vanishes for a moment.
There is a stone staircase leading up here.
You closely miss the orc wizard.
The orc wizard hits you with a +0 dagger. 😕 HP[-3]
You take 3 damage, and now have 21/24 hp.
You hit the orc wizard. The orc wizard completely misses you.
You hit the orc wizard.
The orc wizard hits you with a +0 dagger. 😮 HP[-3]
You take 3 damage, and now have 18/24 hp.
You hit the orc wizard but do no damage.
The orc wizard misses you.
You barely miss the orc wizard. The orc wizard closely misses you.
You hit the orc wizard.
You hit the orc wizard but do no damage.
The orc wizard completely misses you.
You hit the orc wizard.
The orc wizard hits you with a +0 dagger. 😮 HP[-3]
You take 3 damage, and now have 15/24 hp.
You hit the orc wizard.
The orc wizard points at you and mumbles some strange words.
You are confused.
You completely miss the orc wizard. The orc wizard misses you.
You bump into the rock wall.
The orc wizard misses you. 😮 HP[+1] You're too confused to move!
The orc wizard closely misses you.
You miss the orc wizard.
The orc wizard gestures at you while chanting.
The puff of flame hits you.
* * * LOW HITPOINT WARNING * * *
😨 HP[-6]
You take 6 damage, and now have 10/24 hp.
MASSIVE DAMAGE!! (PAUSE)
You bump into the rock wall.
The orc wizard hits you with a +0 dagger.
* * * LOW HITPOINT WARNING * * *
😨 HP[-3]
You take 3 damage, and now have 7/24 hp.
You bump into the rock wall.
You feel less confused.
The orc wizard hits you but does no damage.
You closely miss the orc wizard. The orc wizard completely misses you.
You closely miss the orc wizard.
The orc wizard hits you but does no damage.
You hit the orc wizard but do no damage.
The orc wizard hits you but does no damage.
You closely miss the orc wizard.
The orc wizard hits you with a +0 dagger.
* * * LOW HITPOINT WARNING * * *
😱 HP[-2]
You take 2 damage, and now have 5/24 hp.
The orc wizard gestures at you while chanting.
You easily resist.
You climb upwards.
There is a stone staircase leading down here.
You closely miss the orc wizard. The orc wizard completely misses you.
You hit the orc wizard but do no damage.
The orc wizard hits you with a +0 dagger.
* * * LOW HITPOINT WARNING * * *
You barely miss the orc wizard.
The orc wizard points at you and mumbles some strange words.
The magic dart hits you!
You die...

Skill      XL: |  1  2  3  4 |
---------------+-------------+-----
Invocations    | 2 |  2.7
Spellcasting   | 1 |  1.0
Hexes          | 1 |  1.9
Short Blades   | 3 |  3.2
Dodging        | 4 |  4.2
Fighting       | 3 |  3.0

Action                   |  1- 3 |  4- 6 || total
-------------------------+-------+-------++-------
Melee: Short sword       |   103 |    92 ||   195
       Punch             |       |     1 ||     1
Throw: Boomerang         |     2 |     1 ||     3
       Dart              |       |     2 ||     2
 Cast: Slow              |     8 |     9 ||    17
Invok: Bend Space        |     1 |     2 ||     3
  Use: Scroll            |     3 |     6 ||     9
       Potion            |     1 |       ||     1
 Stab: Sleeping          |     3 |       ||     3
Armor: Robe              |    14 |    11 ||    25
       Skin              |     8 |       ||     8
Dodge: Dodged            |    60 |    63 ||   123

Levels and vault maps discovered:
D:1:      arrival_zaba_pyramid, layout_basic, hellmonk_ecumenical_altar_zigzags,
          minmay_pentomino_u2
D:2:      layout_rooms, serial_shops, nicolae_shop_advertising_works
          [nicolae_subvault_shop_adworks]
D:3:      kennysheep_the_goblin_king, layout_rooms, mainiacjoe_overflow_catwalk,
          serial_shops, nicolae_shop_temple_entry_statues_fountains,
          nicolae_diamond_shop

Notes
Turn   | Place    | Note
-------+----------+-------------------------------------------
     0 | Abyss:1  | spiderkeys the Spriggan Abyssal Knight began the quest for
                  | the Orb.
     0 | Abyss:1  | Reached XP level 1. HP: 11/11 MP: 3/3
     0 | Abyss:1  | magus.rc [v1.11.3]
    24 | D:1      | You pass through the gate.
    24 | D:1      | Escaped the Abyss
   311 | D:1      | Found a faded altar of an unknown god.
   433 | D:1      | Reached skill level 2 in Invocations
   433 | D:1      | Reached XP level 2. HP: 16/16 MP: 4/4
   466 | D:1      | You pick up a book of Debilitation and begin reading...
   466 | D:1      | You add the spells Slow, Vampiric Draining and Confusing
                  | Touch to your library.
   480 | D:1      | Learned a level 1 spell: Slow
   498 | D:1      | You pick up a book of Cantrips and begin reading...
   498 | D:1      | You add the spells Necrotize, Summon Small Mammal and
                  | Apportation to your library.
   720 | D:1      | Reached skill level 1 in Spellcasting
  1189 | D:2      | HP: 4/24 [adder (3)]
  1196 | D:2      | Reached XP level 3. HP: 5/19 MP: 3/5
  1645 | D:2      | Reached skill level 1 in Hexes
  1735 | D:2      | Found Yreoqioh's Armour Emporium.
  1745 | D:2      | Reached *** piety under Lugonu
  1769 | D:2      | Reached XP level 4. HP: 13/23 MP: 2/6
  2144 | D:2      | Reached skill level 3 in Short Blades
  2144 | D:2      | Reached skill level 4 in Dodging
  2638 | D:3      | Noticed an ice beast
  2697 | D:3      | Found Teejubli's Armour Shop.
  2970 | D:2      | Learned a level 3 spell: Confusing Touch
  3400 | D:3      | Reached skill level 3 in Fighting
  3638 | D:3      | HP: 5/24 [orc wizard/+0 dagger (2)]
  3643 | D:2      | Killed from afar by an orc wizard

Vanquished Creatures
  An orc priest (D:3)
  5 adders (D:2)
  A worm (D:3)
  3 orcs
  3 ball pythons
  2 bats
  4 endoplasms
  A giant cockroach (D:2)
  8 goblins
  5 hobgoblins
  3 quokkas
  2 frilled lizards
  5 kobolds
  7 rats
50 creatures vanquished.

Table legend:
 A = Non-vault XP
 B = Vault XP
 C = Vault XP percentage of total XP
 D = Non-vault monster count
 E = Vault monster count
 F = Vault count percentage of total count
                 A         B        C        D         E       F
            +---------+---------+-------+---------+---------+-------
      Total |     187 |       2 |   1.1 |      49 |       1 |   2.0
            +---------+---------+-------+---------+---------+-------
        D:1 |      30 |       2 |   6.2 |      18 |       1 |   5.3
        D:2 |      95 |       0 |   0.0 |      21 |       0 |   0.0
        D:3 |      62 |       0 |   0.0 |      10 |       0 |   0.0
            +---------+---------+-------+---------+---------+-------

Illustrated notes

Table legend:
 A = Kills in this place as a percentage of kills in entire the game.
 B = Kills by you in this place as a percentage of kills by you in the entire game.
 C = Kills by friends in this place as a percentage of kills by friends in the entire game.
 D = Other kills in this place as a percentage of other kills in the entire game.
 E = Experience gained in this place as a percentage of experience gained in the entire game.
 F = Experience gained in this place divided by the number of levels of this place that you have seen.
                   A       B       C       D       E      F
               +-------+-------+-------+-------+-------+----------------------
         Total | 100.0 | 100.0 |   N/A |   N/A | 100.0 |  47.2
       Dungeon | 100.0 | 100.0 |   N/A |   N/A | 100.0 |  63.0
               +-------+-------+-------+-------+-------+----------------------

Table legend: (Time is in decaauts)
 A = Elapsed time spent in this place.
 B = Non-inter-level travel time spent in this place.
 C = Inter-level travel time spent in this place.
 D = Time resting spent in this place.
 E = Time spent auto-exploring this place.
 F = Levels seen in this place.
 G = Mean time per level.
                   A        B        C        D        E       F      G
               +--------+--------+--------+--------+--------+-----+--------+
         Total |   3089 |   3037 |     52 |   1500 |   1036 |   4 |  772.2 |
       Dungeon |   3075 |   3023 |     52 |   1500 |   1036 |   3 | 1025.0 |
         Abyss |     14 |     14 |      0 |      0 |      0 |   1 |   14.0 |
               +--------+--------+--------+--------+--------+-----+--------+

Top non-repeatable levels by time:
     D:2: 1925 daAuts
     D:1: 857 daAuts
     D:3: 292 daAuts
 Abyss:1: 14 daAuts
